 Dungeon Crawl Stone Soup version 0.20-a0-738-gb057e68 (webtiles) character file.

8885 nono the Grappler (level 11, -6/48 HPs)
             Began as a Vine Stalker Arcane Marksman on Feb 23, 2017.
             Was a Follower of Uskayaw.
             Killed from afar by a rime drake (14 damage)
             ... with a flash freeze
             ... on level 2 of the Lair of Beasts.
             The game lasted 00:42:14 (9880 turns).

nono the Grappler (Vine Stalker Arcane Marksman)    Turns: 9880, Time: 00:42:15

Health: -6/48      AC: 17    Str: 18    XL:     11   Next: 37%
Magic:  0/16       EV:  6    Int: 13    God:    Uskayaw [*.....]
Gold:   208        SH: 10    Dex: 15    Spells: 11/12 levels left

rFire    . . .     SeeInvis +     - Unarmed
rCold    . . .     Gourm    .   J - +0 chain mail
rNeg     . . .     Faith    +   g - +0 shield
rPois    .         Spirit   +   H - +2 hat
rElec    .         Reflect  .   M - +0 cloak
rCorr    .         Harm     .   p - +2 pair of gloves
MR       +....                  K - +0 pair of boots
Stlth    +.........             V - amulet of faith
Regen    0.6/turn               P - +2 ring of strength
MPRegen  0.2/turn               B - ring of see invisible

@: no status effects
A: fangs 3, regeneration 1, magic shield, antimagic bite, no potion heal 3, rot
immunity
a: Stomp, Renounce Religion


You were on level 2 of the Lair of Beasts.
You worshipped Uskayaw.
Uskayaw was noncommittal.
You were near starving.

You visited 3 branches of the dungeon, and saw 12 of its levels.
You also visited: Ossuary.

You collected 628 gold pieces.
You spent 420 gold pieces at shops.

Inventory:

Hand Weapons
 a - a +0 blowgun
 A - a +2 dagger of chaos
Missiles
 c - 4 javelins (quivered)
 k - 13 curare-tipped needles
 u - 77 poisoned needles
Armour
 g - a +0 shield (worn)
 p - a +2 pair of gloves (worn)
 H - a +2 hat (worn)
 J - a +0 chain mail (worn)
 K - a +0 pair of boots (worn)
 M - a +0 cloak (worn)
Jewellery
 y - an uncursed amulet of magic regeneration
 B - a ring of see invisible (left hand)
 P - a +2 ring of strength (right hand)
 T - an uncursed ring of positive energy {unknown}
 V - an amulet of faith (around neck)
 Y - an uncursed ring of fire
Wands
 h - a wand of clouds (4/9)
 i - a wand of random effects (28/48)
 S - a wand of random effects (27/48)
Scrolls
 e - a scroll of recharging
 l - a scroll of enchant armour
 o - 4 scrolls of teleportation
 r - 10 scrolls of remove curse
 s - a scroll of noise
 E - 3 scrolls of magic mapping
 G - a scroll of torment {unknown}
 I - a scroll of immolation
 L - a scroll of amnesia
 O - 3 scrolls of enchant weapon
 R - 2 scrolls of blinking
 Z - 2 scrolls of fog
Potions
 d - 2 potions of brilliance {unknown}
 j - 2 potions of berserk rage {unknown}
 m - a potion of ambrosia
 q - 3 potions of haste
 v - a potion of mutation
 w - 3 potions of lignification {unknown}
 x - 3 potions of might
 z - 2 potions of degeneration {unknown}
 C - 4 potions of curing
 D - 2 potions of cancellation {unknown}
 F - a potion of flight
 Q - 2 potions of resistance {unknown}
 W - 4 potions of heal wounds {unknown}
Books
 b - a book of Debilitation

   Spells                             Type                      Level
   a - Corona                         Hexes                        1
   b - Slow                           Hexes                        2
   c - Inner Flame                    Hexes/Fire                   3
   d - Portal Projectile              Hexes/Translocation          3
   e - Cause Fear                     Hexes                        4
   f - Leda's Liquefaction            Hexes/Earth                  4
Miscellaneous
 N - a fan of gales (inert)
Comestibles
 f - 8 bread rations
 n - 6 meat rations
 t - 12 royal jellies
 X - a fruit


   Skills:
 - Level 0.8 Fighting
 - Level 4.5 Throwing
 + Level 5.2 Armour
 - Level 1.5 Dodging
 - Level 8.7 Stealth
 + Level 5.9 Shields
 - Level 10.3 Unarmed Combat
 - Level 1.1 Spellcasting
 - Level 3.0 Hexes
 - Level 6.5 Invocations


You had 11 spell levels left.
You knew the following spells:

 Your Spells              Type           Power        Failure   Level  Hunger
a - Corona                Hex            #......      100%        1    ##.....


Dungeon Overview and Level Annotations

Branches:
Dungeon (9/15)             Temple (1/1) D:7            Lair (2/6) D:9
  Swamp: Lair:2-4    Shoals: Lair:2-4     Snake: Lair:2-4    Spider: Lair:2-4
    Orc: D:9-12

Altars:
Ashenzari
Cheibriados
Dithmenos
Elyvilon
Fedhas
Gozag
Hepliaklqana
Kikubaaqudgha
Makhleb
Nemelex Xobeh
Okawaru
Qazlal
Ru
Sif Muna
Trog
Uskayaw
Vehumet
Wu Jian
Xom
Yredelemnul
Zin
The Shining One

Shops:
D:5 *   D:9 !

Annotations:
D:3 Ijyb
D:5 Yehuk's ghost, novice HOFi


Innate Abilities, Weirdness & Mutations

You have razor-sharp teeth.
Your natural rate of healing is unusually fast.
When hurt, damage is shared between your health and your magic reserves.
Your bite disrupts and absorbs the magic of your enemies.
Potions cannot restore your health.
You are immune to rotting.


Message History

The hippogriff screeches!
Unknown command.
The rime drake breathes ice at you. The flash freeze hits you!
* * * LOW HITPOINT WARNING * * *
You are encased in ice.
The six-headed hydra bites the fungus! x2
The six-headed hydra bites the fungus.
The six-headed hydra bites the fungus!
The fungus is destroyed!
The elephant barely misses you. You block the elephant's attack.
The ice encasing you melts away. You block the hippogriff's attack. x3
The hippogriff bites you but does no damage.
The hippogriff pecks you but does no damage.
The hippogriff claws you.
There is a stone staircase leading down here.
You feel a little less mighty now. The rime drake breathes ice at you.
The flash freeze hits you!
You die...

.
.........<.......P#P...
P##......[#..$.#........
#
#[#......#.#YH......#.#
............##...#####
###.P.........D...# .
###.............##.#
#P.......HkY.......
##.#......>........ #
#.......@...P.#P
P..........#.###
.P...#.#..>#.#
............ .
............ .
.............
...........##
...........


You could see a six-headed hydra, 2 elephants, 2 hippogriffs and a rime drake.

Vanquished Creatures
  Erolcha (D:9)
  Erica (D:8)
  2 elephants (Lair:2)
  Psyche (D:8)
  2 spiny frogs (Lair:1)
  2 komodo dragons (Lair:1)
  A troll (D:9)
  A queen bee (D:8)
  2 hippogriffs
  Sigmund (D:4)
  3 yaks (D:6)
  A hungry ghost (D:7)
  A water moccasin (D:9)
  A porcupine (Lair:1)
  An ice beast (D:7)
  4 sky beasts
  An orc warrior (D:6)
  3 phantoms
  3 ogres
  A centaur (D:6)
  2 crocodiles (Lair:1)
  An elf zombie (Ossuary)
  A wyvern zombie (D:6)
  4 bullfrogs
  15 killer bees (D:8)
  6 crimson imps
  4 hounds
  2 quasits (D:8)
  A bullfrog skeleton (D:6)
  A human zombie (Ossuary)
  4 orc priests
  2 iguanas
  A jelly (D:5)
  A centaur skeleton (D:5)
  Terence (D:2)
  5 orc wizards
  7 worker ants
  2 big kobold zombies (Ossuary)
  3 hound zombies
  3 mummies (Ossuary)
  4 gnolls
  10 adders
  4 shadow imps
  4 adder zombies (Ossuary)
  3 adder skeletons
  3 worms
  3 dart slugs
  4 leopard geckos
  18 orcs
  8 bats
  3 giant cockroaches
  A gnoll zombie (Ossuary)
  3 hobgoblins
  3 jackals (D:6)
  3 quokkas
  2 ball pythons (D:2)
  3 frilled lizards
  12 goblins
  6 goblin zombies (Ossuary)
  3 hobgoblin zombies (Ossuary)
  4 jackal zombies (Ossuary)
  11 kobolds
  2 kobold zombies (Ossuary)
  A leopard gecko skeleton (D:6)
  2 orc zombies (Ossuary)
  3 quokka zombies (Ossuary)
  8 rats
  2 rat zombies (Ossuary)
  A butterfly (D:7)
233 creatures vanquished.

Vanquished Creatures (others)
  3 fungi (Lair:2)
3 creatures vanquished.

Grand Total: 236 creatures vanquished

Notes
Turn   | Place    | Note
-------+----------+-------------------------------------------
     0 | D:1      | nono the Vine Stalker Arcane Marksman began the quest for the Orb.
     0 | D:1      | Reached XP level 1. HP: 9/9 MP: 3/3
   184 | D:1      | Reached skill level 1 in Unarmed Combat
   207 | D:1      | Reached XP level 2. HP: 3/14 MP: 4/4
   504 | D:1      | Reached skill level 2 in Unarmed Combat
  1107 | D:1      | Reached XP level 3. HP: 13/17 MP: 5/5
  1733 | D:1      | Reached skill level 3 in Unarmed Combat
  1946 | D:2      | Found a faded altar of an unknown god.
  2193 | D:2      | Noticed Terence
  2222 | D:2      | Killed Terence
  2222 | D:2      | Gained mutation: Your natural rate of healing is unusually fast. [Vine Stalker growth]
  2222 | D:2      | Reached XP level 4. HP: 9/21 MP: 2/6
  2439 | D:2      | Reached skill level 4 in Unarmed Combat
  2693 | D:3      | Noticed Ijyb
  2749 | D:3      | Reached XP level 5. HP: 20/25 MP: 7/7
  3064 | D:3      | Reached skill level 5 in Unarmed Combat
  3343 | D:3      | Reached XP level 6. HP: 27/29 MP: 6/8
  3833 | D:4      | Reached skill level 6 in Unarmed Combat
  3950 | D:4      | Noticed Sigmund
  3954 | D:4      | Noticed a phantom
  3967 | D:4      | Killed Sigmund
  3967 | D:4      | Reached XP level 7. HP: 32/32 MP: 9/9
  4031 | D:4      | Found a glowing silver altar of Zin.
  4233 | D:5      | Entered Level 5 of the Dungeon
  4309 | D:5      | Noticed Yehuk's ghost (novice HOFi)
  4551 | D:5      | Found a sand-covered staircase.
  4580 | Ossuary  | Entered an ossuary
  4702 | Ossuary  | Reached skill level 1 in Stealth
  4702 | Ossuary  | Reached skill level 1 in Shields
  4702 | Ossuary  | Gained mutation: You have razor-sharp teeth. [Vine Stalker growth]
  4702 | Ossuary  | Reached XP level 8. HP: 37/37 MP: 10/10
  4795 | Ossuary  | Reached skill level 7 in Unarmed Combat
  5004 | D:5      | Found Numemuwk's Assorted Antiques.
  5033 | D:5      | Bought a scroll of teleportation for 84 gold pieces
  5122 | D:5      | Reached skill level 8 in Unarmed Combat
  5613 | D:6      | Reached skill level 9 in Unarmed Combat
  5796 | D:5      | Reached XP level 9. HP: 38/40 MP: 11/11
  5843 | D:6      | You fall through a shaft for 2 floors!
  5987 | D:7      | Reached skill level 10 in Unarmed Combat
  6097 | D:7      | Found a staircase to the Ecumenical Temple.
  6106 | Temple   | Entered the Ecumenical Temple
  6201 | Temple   | Became a worshipper of Uskayaw the Reveler
  6243 | D:7      | Reached * piety under Uskayaw
  6257 | D:7      | Reached skill level 1 in Invocations
  6277 | D:7      | Reached ** piety under Uskayaw
  6285 | D:7      | Reached *** piety under Uskayaw
  6958 | D:6      | Reached skill level 5 in Stealth
  6963 | D:6      | Reached **** piety under Uskayaw
  6967 | D:6      | Reached ***** piety under Uskayaw
  7191 | D:8      | Noticed a queen bee
  7199 | D:8      | Reached XP level 10. HP: 40/44 MP: 12/14
  7201 | D:8      | Reached skill level 5 in Invocations
  7211 | D:8      | Reached ****** piety under Uskayaw
  7553 | D:8      | Noticed Erica
  7577 | D:8      | Killed Erica
  7844 | D:8      | Found a deep blue altar of Sif Muna.
  7909 | D:8      | Noticed Psyche
  7927 | D:8      | Killed Psyche
  7927 | D:8      | Reached skill level 1 in Armour
  8134 | D:9      | Found Asusk's Distillery.
  8136 | D:9      | Bought 2 potions of haste for 240 gold pieces
  8136 | D:9      | Bought 2 potions of might for 96 gold pieces
  8235 | D:9      | Noticed Erolcha
  8250 | D:9      | Killed Erolcha
  8329 | D:9      | Found a staircase to the Lair.
  8701 | D:9      | Reached XP level 11. HP: 45/48 MP: 16/16
  8898 | Lair:1   | Entered Level 1 of the Lair of Beasts
  9142 | Lair:1   | Reached skill level 5 in Shields
  9695 | Lair:2   | Found a radiant altar of Vehumet.
  9695 | Lair:2   | Noticed a four-headed hydra
  9803 | Lair:2   | Reached skill level 5 in Armour
  9829 | Lair:2   | Noticed a six-headed hydra
  9880 | Lair:2   | Killed from afar by a rime drake

Vault maps used:
D:1:      dpeg_arrival_rooms_b, patterned_corridor
D:2:      chequers_ecumenical_altar_island, uniq_terence
D:3:      first_bread, moated_statue, uniq_iyjb
D:4:      nicolae_overflow_crystal_walls, uniq_sigmund
D:5:      serial_shops, shop, enter_ossuary_1, minmay_misc_feat_tiny
D:7:      minmay_temple_entry_butterflies
D:8:      david_nohive_1, tgw_sif, uniq_psyche, uniq_erica
D:9:      lair_entry_dummy, serial_shops, shop, uniq_erolcha
Temple:   dpeg_three_leaves_temple
Lair:1:   serial_bayou_shore_a
Lair:2:   guppyfry_snake_entry_garden, basic_altar, minivault_19,
          beast_lair_carwin_11
Ossuary:  minmay_ossuary_two_tombs

Skill      XL: |  1  2  3  4  5  6  7  8  9 10 11 |
---------------+----------------------------------+-----
Unarmed Combat | 1 2 3 4 5 6 9 10 | 10.3
Throwing       | 3 4 |  4.5
Stealth        | 1 6 8 |  8.7
Shields        | 1 4 5 |  5.9
Invocations    | 4 6 |  6.5
Armour         | 3 5 |  5.2
Fighting       | |  0.8
Dodging        | |  1.5
Spellcasting   | |  1.1
Hexes          | |  3.0

Action                   |  1- 3 |  4- 6 |  7- 9 | 10-12 || total
-------------------------+-------+-------+-------+-------++-------
Melee: Unarmed           |   140 |   234 |   516 |   253 ||  1143
       Bite              |    31 |    73 |   157 |    84 ||   345
       Punch             |     2 |     4 |       |       ||     6
 Fire: Blowgun           |       |    14 |     5 |    20 ||    39
Throw: Javelin           |     7 |       |       |       ||     7
       Throwing net      |     3 |     1 |       |     1 ||     5
Invok: Line Pass         |       |       |       |     2 ||     2
Evoke: Wand              |       |       |       |     4 ||     4
       Fan of gales      |       |       |       |     1 ||     1
  Use: Scroll            |       |     9 |     6 |     5 ||    20
       Potion            |       |     1 |       |     2 ||     3
 Stab: Sleeping          |     1 |       |       |       ||     1
       Held in net/web   |       |     1 |       |       ||     1
       Paralysed         |       |       |     6 |    19 ||    25
  Eat: Chunk             |     3 |     7 |    15 |     6 ||    31
       Royal jelly       |       |       |     1 |       ||     1
       Fruit             |       |       |       |     2 ||     2
Armor: Robe              |    36 |       |       |       ||    36
       Ring mail         |     3 |    35 |       |       ||    38
       Chain mail        |       |    67 |   254 |   154 ||   475
Dodge: Dodged            |   100 |    64 |    60 |    61 ||   285
Block: Shield            |       |    10 |   144 |   120 ||   274
